 Dungeon Crawl Stone Soup version 0.26-a0-597-gb535b0901c (webtiles) character file.

Game seed: 4571090332834561925

2 Ge0ff the Sneak (level 1, 0/18 HPs)
             Began as a Human Delver on Aug 30, 2020.
             Was an Initiate of Nemelex Xobeh.
             Hit by a boomerang thrown by an orc (7 damage)
             ... on level 4 of the Dungeon.
             The game lasted 00:01:58 (94 turns).

Ge0ff the Sneak (Human Delver)                        Turns: 94, Time: 00:01:58

Health: 0/18       AC:  3    Str: 12    XL:     1   Next: 33%
Magic:  1/1        EV: 12    Int: 10    God:    Nemelex Xobeh [......]
Gold:   0          SH:  0    Dex: 14    Spells: 0/0 levels left

rFire    . . .     SeeInvis .   a - +0 mace {*no*}
rCold    . . .     Faith    .   (no shield)
rNeg     . . .     Spirit   .   b - +0 leather armour
rPois    .         Reflect  .   (no helmet)
rElec    .         Harm     .   (no cloak)
rCorr    .                      (no gloves)
MR       .....                  (no boots)
Stlth    +++.......             (no amulet)
HPRegen  0.06/turn              (no ring)
MPRegen  0.07/turn              (no ring)

@: no status effects
A: no striking features
a: Draw Escape, Draw Destruction, Draw Summoning, Renounce Religion


You were on level 4 of the Dungeon.
You worshipped Nemelex Xobeh.
Nemelex Xobeh was noncommittal.
You visited 1 branch of the dungeon, and saw 2 of its levels.

Inventory:

Hand Weapons
 a - a +0 mace (weapon) {*no*}
Armour
 b - a +0 leather armour (worn)
Jewellery
 I - a +6 ring of intelligence {unknown}
Wands
 d - a wand of digging (3)
Scrolls
 E - a scroll of fear
 F - a scroll of fog
Potions
 H - a potion of haste {!q}


   Skills:
 - Level 3.0 Fighting
 + Level 2.2 Maces & Flails
 - Level 2.0 Dodging
 - Level 5.0 Stealth


You couldn't memorise any spells.
You didn't know any spells.
Your spell library was empty.

Dungeon Overview and Level Annotations

Branches:
Dungeon (5/15)
 Temple: D:4-7

Altars:
Kikubaaqudgha
Nemelex Xobeh
Sif Muna
Zin

Shops:
D:5 =[

Annotations:
D:5 Fastnbulbous's ghost, novice DsEn


Message History

The acid corrodes the hound skeleton!
The hound skeleton is severely damaged.
You hear a shout!
Use which ability? (? or * to list)
You draw a card...
Press: ? - help, Shift-Dir - straight line, f - orc
Aim: an orc, quivering 2 boomerangs The wavering orb of destruction weakly hits the orc but does no damage.
You hear the slow hiss of a very distant avalanche of sand.
The orc hits you but does no damage.
Your orb of destruction hits a rock wall.
The orc throws a boomerang.
The boomerang barely misses you.
The weapon returns to the orc!
Your orb of destruction hits a rock wall. x3
Your orb of destruction hits a rock wall.
The orc throws a boomerang.
The boomerang barely misses you.
The weapon returns to the orc!
The orc throws a boomerang.
The boomerang hits you!
You die...
Your body disappears without a glow.

#* ##.......# #..# .#*
#..o....## ##.## ..#*
##.....$..#####.##
#..#*#...........##.##
*#..##..............#
*#..#Z...#.○°.....##
*#....####..○...##
##..## #.......##
##.[## ##..°@...##
##.Z####.o......#
##oZ##...°.....#
#°..#........##
##°Zo......###
##.Z....### ##...###
##.## #.# ***


You could see an orc priest (wandering), 2 orcs, a leopard gecko skeleton and a
hound skeleton (corroded).

Vanquished Creatures
  An orc (D:4)
1 creature vanquished.

Notes
Turn   | Place    | Note
-------+----------+-------------------------------------------
     0 | D:5      | Ge0ff the Human Delver began the quest for the Orb.
     0 | D:5      | Reached XP level 1. HP: 18/18 MP: 1/1
     1 | D:5      | Found Xowinn's Antique Armour Shoppe.
     1 | D:5      | Noticed Fastnbulbous's ghost (novice DsEn)
    22 | D:5      | Found Qahil's Jewellery Shoppe.
    39 | D:4      | Found a shimmering blue altar of Sif Muna.
    39 | D:4      | Found a sparkling altar of Nemelex Xobeh.
    39 | D:4      | Found an ancient bone altar of Kikubaaqudgha.
    39 | D:4      | Found a glowing silver altar of Zin.
    45 | D:4      | Became a worshipper of Nemelex Xobeh the Trickster
    67 | D:4      | Received a gift from Nemelex Xobeh
    68 | D:4      | Noticed an orc priest
    94 | D:4      | Hit by a boomerang thrown by an orc

Illustrated notes

Levels and vault maps discovered:
D:4:      layout_cave_pods, chequers_temple_overflow_statue_of_worship,
          nicolae_ossuary_entry_plus, serial_shops, shop
D:5:      minmay_bubble_buster, layout_basic, minmay_temple_entry_mist,
          serial_shops, nicolae_shop_behind_doors, shop, shop, shop, shop,
          gammafunk_ghost_split, minivault_24, uniq_grinder

Action                   || total
-------------------------++-------
Invok: Draw Destruction  ||     3
  Use: Scroll            ||     1
Dodge: Dodged            ||     6

Table legend: (Time is in decaauts)
 A = Elapsed time spent in this place.
 B = Non-inter-level travel time spent in this place.
 C = Inter-level travel time spent in this place.
 D = Time resting spent in this place.
 E = Time spent auto-exploring this place.
 F = Levels seen in this place.
 G = Mean time per level.
                   A        B        C        D        E       F      G
               +--------+--------+--------+--------+--------+-----+--------+
         Total |     93 |     93 |      0 |      0 |      0 |   2 |   46.5 |
       Dungeon |     93 |     93 |      0 |      0 |      0 |   2 |   46.5 |
               +--------+--------+--------+--------+--------+-----+--------+

Top non-repeatable levels by time:
     D:4: 54 daAuts
     D:5: 39 daAuts
